 Dungeon Crawl Stone Soup version 0.29-a0-337-g68df138881 (webtiles) character file.

Game seed: 4632932372294743111

9970 Agony the Cleaver (level 11, -2/103 HPs)
             Began as a Deep Dwarf Berserker on Apr 17, 2022.
             Was a Believer of Trog.
             Slain by Sonja
             ... wielding a +1 dagger of distortion
              (16 damage)
             ... on level 1 of the Lair of Beasts on Apr 18, 2022.
             The game lasted 01:28:25 (15221 turns).

Agony the Cleaver (Deep Dwarf Berserker)           Turns: 15221, Time: 01:28:26

Health: -2/103     AC: 18    Str: 24    XL:     11   Next: 30%
Magic:  6/6        EV:  7    Int:  9    God:    Trog [**....]
Gold:   259        SH: 12    Dex: 18    Spells: 10/10 levels left

rFire   . . .      SeeInvis .   u - +3 hand axe (vamp)
rCold   . . .      Faith    .   i - +0 kite shield
rNeg    . . .      Spirit   .   q - +0 plate armour
rPois   +          Reflect  .   (no helmet)
rElec   .          Harm     .   (no cloak)
rCorr   .          Rampage  .   v - +0 pair of gloves
Will    +....                   k - +1 pair of boots
Stlth   ..........              (no amulet)
HPRegen 0.00/turn               f - ring of poison resistance
MPRegen 0.10/turn               d - +6 ring of dexterity

@: lethally poisoned (-2 -> -2), on berserk cooldown, sick, slowed, very slow
A: damage resistance, heal wounds, sense surroundings 2, no regeneration
a: Heal Wounds, Renounce Religion, Berserk, Trog's Hand


You were on level 1 of the Lair of Beasts.
You worshipped Trog.
Trog was pleased with you.
You visited 2 branches of the dungeon, and saw 12 of its levels.
You visited the Abyss 1 time.

You collected 569 gold pieces.
You spent 310 gold pieces at shops.

Inventory:

Hand Weapons
 u - a +3 vampiric hand axe (weapon)
Missiles
 e - 21 poisoned darts (quivered)
 A - 6 curare-tipped darts
Armour
 i - a +0 kite shield (worn)
 k - a +1 pair of boots (worn)
 q - a +0 plate armour (worn)
 v - a +0 pair of gloves (worn)
Jewellery
 d - a +6 ring of dexterity (right hand)
 f - a ring of poison resistance (left hand)
Wands
 a - a wand of iceblast (6)
 y - a wand of flame (6)
 H - a wand of charming (5)
Scrolls
 j - 2 scrolls of teleportation
 r - 3 scrolls of magic mapping
 t - 2 scrolls of vulnerability
 w - a scroll of fog
 E - a scroll of fear
 F - 2 scrolls of summoning
 G - a scroll of silence
Potions
 b - 2 potions of attraction
 c - a potion of mutation
 g - 4 potions of curing
 l - a potion of lignification
 m - a potion of magic {unknown}
 o - 3 potions of brilliance
 p - 4 potions of might
 s - a potion of cancellation
 x - a potion of berserk rage {unknown}
 B - a potion of resistance
Miscellaneous
 C - a condenser vane


   Skills:
 + Level 8.3 Fighting
 - Level 5.1 Short Blades
 * Level 10.1 Axes
 + Level 9.5 Armour
 - Level 2.2 Dodging
 + Level 9.0 Shields


You had 10 spell levels left.
You didn't know any spells.
Your spell library was empty.

Dungeon Overview and Level Annotations

Branches:
Dungeon (11/15)            Temple (0/1) D:7            Lair (1/6) D:9
    Orc (0/2) D:11

Altars:
Cheibriados
Fedhas
Gozag
Hepliaklqana
Makhleb
Okawaru
Qazlal
Uskayaw
Vehumet
Xom
Zin

Shops:
D:3 !

Annotations:
Lair:1 Sonja


Innate Abilities, Weirdness & Mutations

You are resistant to damage.
You can heal yourself by infusing magical energy.
You passively map the area around you.
You do not regenerate.


Message History

You hit the ancient zyme.
You destroy the ancient zyme!
That felt strangely unrewarding.
You closely miss something. You block something's attack.
Something hits you but does no damage.
A large abomination comes into view.
You block something's attack.
You pass through the gate.
Welcome back to the Lair of Beasts!
Level annotation: Sonja Reactivating autopickup.
You feel a strong urge to attack something.
You block Sonja's attack. x2; Sonja barely misses you.
You are too berserk!
You slice Sonja!!
Sonja is severely wounded.
You closely miss something.
Your skin stops crawling.
You feel less strong-willed. You block something's attack.
Deactivating autopickup; reactivate with Ctrl-A.
Sonja casts a spell.
Sonja blinks!
Okay, then.
You miss something. You block something's attack.
Sonja throws a curare-tipped dart.
You block the curare-tipped dart. Something hits you!
* * * LOW HITPOINT WARNING * * *
Sonja throws a curare-tipped dart.
The curare-tipped dart hits you.
You are poisoned.
You have difficulty breathing.
* * * LOW HITPOINT WARNING * * *
You feel yourself slow down.
You feel a strong urge to attack something.
You are no longer berserk.
You are exhausted.
You feel as though you will be slow longer.
Something hits you but does no damage. Something hits you but does no damage.
Something hits you.
* * * LOW HITPOINT WARNING * * *
Sonja hits you but does no damage. Space warps horribly around you!
You die...

,,, * #........#
#....... ,
**#........# #......#
* , #...(...(#
##.....# ....(.......#
#.....# .....P###....#
#.....# ,,..(...#*
#....#### ####.....# ,
...... #..{....#
##....###.# *, ..(..?
#...{...###P...[# ###
..####
#...@....###....## *
#...K...## #.....# *
#........# #....## , ,
,
*#........###....#####
, , , ,
#P##^...............#
,,, , ##
#................# , ,
#................. ,
,, ,
#................# , ,
#................#


You could see Sonja.

Vanquished Creatures
  Erolcha (D:9)
  A cyclops (D:11)
  A manticore (D:11)
  A black mamba (Lair:1)
  2 kobold demonologists (D:10)
  A komodo dragon (D:10)
  An ancient zyme (Abyss:2)
  3 trolls
  A hornet (D:8)
  A raiju (Abyss:2)
  A wraith (D:10)
  4 yaks (D:10)
  4 wyverns
  A basilisk (D:11)
  4 vampire mosquitoes (D:10)
  4 water moccasins
  6 orc warriors
  A sky beast (D:7)
  2 black bears
  An ice beast (D:5)
  An ogre (D:5)
  4 centaurs
  4 phantoms
  5 kobold brigands
  5 bullfrogs
  4 scorpions
  2 small abominations (Abyss:2)
  5 wights
  16 killer bees
  2 jellies (D:6)
  2 howler monkeys
  A crimson imp (D:5)
  5 hounds
  4 orc priests
  3 iguanas
  An iron imp (Abyss:2)
  Terence (D:2)
  8 orc wizards
  7 adders
  2 shadow imps
  A white imp (D:6)
  5 ufetubi
  3 worms
  A dart slug (D:5)
  20 orcs
  4 giant cockroaches
  6 goblins
  8 hobgoblins
  5 quokkas
  7 ball pythons
  2 bats
  3 frilled lizards
  18 kobolds
  4 rats
210 creatures vanquished.

Vanquished Creatures (others)
  12 fungi
  6 plants
18 creatures vanquished.

Grand Total: 228 creatures vanquished

Notes
Turn   | Place    | Note
-------+----------+-------------------------------------------
     0 | D:1      | Agony the Deep Dwarf Berserker began the quest for the Orb.
     0 | D:1      | Reached XP level 1. HP: 20/20 MP: 1/1
   396 | D:1      | Reached XP level 2. HP: 20/27 MP: 2/2
  1330 | D:2      | Reached skill level 4 in Axes
  1385 | D:2      | Found a faded altar of an unknown god.
  1512 | D:2      | Reached XP level 3. HP: 20/34 MP: 3/3
  2132 | D:2      | Noticed Terence
  2269 | D:2      | Killed Terence
  2270 | D:2      | Reached XP level 4. HP: 42/42 MP: 4/4
  2325 | D:2      | Reached skill level 1 in Shields
  2612 | D:3      | Found Tahir's Distillery.
  3081 | D:3      | Reached ** piety under Trog
  3094 | D:3      | Reached skill level 1 in Short Blades
  3094 | D:3      | Reached XP level 5. HP: 37/49 MP: 5/5
  3138 | D:3      | Noticed an orc warrior
  3153 | D:3      | Killed an orc warrior
  3429 | D:3      | Reached XP level 6. HP: 47/57 MP: 6/6
  3544 | D:4      | HP: 1/57 [orc priest/divine providence (12)]
  4227 | D:4      | Reached XP level 7. HP: 33/64 MP: 7/7
  4242 | D:4      | Found a snail-covered altar of Cheibriados.
  4244 | D:4      | Found an ornate altar of the Wu Jian Council.
  4244 | D:4      | Found a shimmering altar of Xom.
  4246 | D:4      | Found a bloodstained altar of Trog.
  4246 | D:4      | Found a shimmering blue altar of Sif Muna.
  4246 | D:4      | Found a glowing golden altar of the Shining One.
  4811 | D:5      | Entered Level 5 of the Dungeon
  4934 | D:5      | Reached skill level 5 in Armour
  4980 | D:5      | Found an opulent altar of Gozag.
  5159 | D:5      | Reached skill level 5 in Fighting
  5159 | D:5      | Reached XP level 8. HP: 32/74 MP: 8/8
  5374 | D:5      | Found a burning altar of Makhleb.
  6123 | D:6      | Reached skill level 5 in Shields
  7333 | D:7      | Gained mutation: You passively map the area around you.
                  | [Deep Dwarf growth]
  7333 | D:7      | Reached XP level 9. HP: 53/82 MP: 8/8
  7431 | D:7      | Reached skill level 5 in Short Blades
  7549 | D:7      | Found a staircase to the Ecumenical Temple.
  8083 | D:7      | Reached skill level 5 in Axes
  8858 | D:8      | Reached skill level 6 in Axes
  9139 | D:8      | Found a radiant altar of Vehumet.
  9140 | D:8      | Found a glowing silver altar of Zin.
  9565 | D:3      | Bought a potion of heal wounds for 50 gold pieces
  9565 | D:3      | Bought a potion of ambrosia for 80 gold pieces
  9565 | D:3      | Bought a potion of resistance for 100 gold pieces
  9565 | D:3      | Bought a potion of ambrosia for 80 gold pieces
 10409 | D:9      | Found an iron altar of Okawaru.
 10537 | D:9      | Reached XP level 10. HP: 39/94 MP: 9/9
 10814 | D:9      | Reached skill level 7 in Axes
 10865 | D:9      | Found a staircase to the Lair.
 10990 | D:9      | Noticed Erolcha
 11017 | D:9      | Killed Erolcha
 11263 | D:9      | Found a blossoming altar of Fedhas.
 11263 | D:9      | Found a stormy altar of Qazlal.
 11601 | D:9      | Reached skill level 8 in Axes
 11762 | D:10     | Entered Level 10 of the Dungeon
 11828 | D:10     | Noticed an orange demon
 12134 | D:10     | Found a snail-covered altar of Cheibriados.
 12199 | D:10     | Reached skill level 9 in Axes
 12310 | D:10     | Reached XP level 11. HP: 103/103 MP: 9/9
 12918 | D:10     | Found a hazy altar of Hepliaklqana.
 13656 | D:11     | Found a staircase to the Orcish Mines.
 14378 | D:11     | Found a hide-covered altar of Uskayaw.
 14459 | D:11     | Noticed a death knight
 14637 | Lair:1   | Entered Level 1 of the Lair of Beasts
 14644 | Lair:1   | Reached skill level 10 in Axes
 14759 | Lair:1   | Noticed Sonja
 14771 | Lair:1   | Cast into level 2 of the Abyss (Sonja)
 14809 | Abyss:2  | Noticed a wretched star
 14902 | Abyss:2  | Noticed a starcursed mass
 14918 | Abyss:2  | Found a corrupted altar of Lugonu.
 15142 | Abyss:2  | Noticed a brown very ugly thing
 15142 | Abyss:2  | Noticed a brown ugly thing
 15142 | Abyss:2  | Noticed a brown ugly thing
 15216 | Lair:1   | Escaped the Abyss
 15221 | Lair:1   | Slain by Sonja

Illustrated notes

Levels and vault maps discovered:
D:1:      amcnicky_arrival_underground_garden, layout_basic
D:2:      layout_basic, chequers_ecumenical_altar_lobes, uniq_terence
D:3:      layout_loops_cross, serial_shops, shop
D:4:      layout_rooms, doesnt_xom_only_xom, kennysheep_generic_room_11
D:5:      layout_cave_pools, grunt_gozag_breadcrumbs, makhleb_grotto_becter
D:6:      layout_loops_corners
D:7:      layout_gridville, minmay_temple_entry_enclosed_plants
D:8:      layout_rooms, gammafunk_temple_overflow_wave
D:9:      layout_grid_maze, grunt_temple_overflow_forces_of_nature,
          amcnicky_altar_gilded, lair_entry_dummy, uniq_erolcha
D:10:     layout_basic, mainiacjoe_overflow_tiny_flanked,
          mainiacjoe_overflow_brackets, serial_rivers,
          chequers_serial_rivers_micro_c, chequers_serial_rivers_room_a,
          chequers_serial_rivers_small_b, chequers_serial_rivers_room_a,
          chequers_serial_rivers_micro_a, chequers_serial_rivers_micro_e,
          dreamdust_mushroom_princess
D:11:     cheibrodos_tormentor_scu, layout_basic, orc_0_dummy,
          nicolae_trove_entry_path_of_doom, nicolae_uskayaw_dance_studio
Lair:1:   layout_cellular_growth, uniq_sonja

Skill      XL: |  1  2  3  4  5  6  7  8  9 10 11 |
---------------+----------------------------------+-----
Fighting       | 3 4 5 6 7 8 |  8.3
Axes           | 4 6 9 10 | 10.1
Armour         | 3 4 5 6 8 9 |  9.5
Shields        | 1 2 3 4 5 7 8 9 |  9.0
Short Blades   | 1 2 3 4 5 |  5.1
Dodging        | |  2.2

Action                   |  1- 3 |  4- 6 |  7- 9 | 10-12 || total
-------------------------+-------+-------+-------+-------++-------
Melee: Hand axe          |    82 |       |   172 |   449 ||   703
       Punch             |     2 |     4 |     2 |       ||     8
       Short sword       |       |   188 |   260 |       ||   448
Throw: Dart              |       |       |     2 |     7 ||     9
Invok: Berserk           |     6 |     5 |    12 |     9 ||    32
       Trog's Hand       |       |     3 |     5 |     1 ||     9
 Abil: Heal Wounds       |       |     1 |     5 |     9 ||    15
Evoke: Wand              |       |       |       |     1 ||     1
  Use: Scroll            |     3 |     6 |     6 |    14 ||    29
       Potion            |     1 |     1 |     1 |     5 ||     8
 Stab: Paralysed         |       |       |       |     4 ||     4
Armor: Ring mail         |    19 |    75 |    68 |       ||   162
       Plate armour      |       |       |   175 |   272 ||   447
Dodge: Dodged            |    40 |    87 |   160 |   133 ||   420
Block: Kite shield       |       |       |   248 |   296 ||   544

Table legend: (Time is in decaauts)
 A = Elapsed time spent in this place.
 B = Non-inter-level travel time spent in this place.
 C = Inter-level travel time spent in this place.
 D = Time resting spent in this place.
 E = Time spent auto-exploring this place.
 F = Levels seen in this place.
 G = Mean time per level.
                   A        B        C        D        E       F      G
               +--------+--------+--------+--------+--------+-----+--------+
         Total |  15572 |  14974 |    598 |   4232 |   4069 |  13 | 1197.8 |
       Dungeon |  14981 |  14383 |    598 |   4142 |   4069 |  11 | 1361.9 |
          Lair |    140 |    140 |      0 |      4 |      0 |   1 |  140.0 |
         Abyss |    451 |    451 |      0 |     86 |      0 |   1 |  451.0 |
               +--------+--------+--------+--------+--------+-----+--------+

Top non-repeatable levels by time:
    D:10: 1941 daAuts
     D:9: 1857 daAuts
     D:2: 1526 daAuts
     D:7: 1493 daAuts
     D:6: 1413 daAuts
     D:4: 1344 daAuts
     D:5: 1298 daAuts
     D:1: 1108 daAuts
     D:3: 1087 daAuts
     D:8: 985 daAuts
    D:11: 926 daAuts
 Abyss:2: 451 daAuts
  Lair:1: 140 daAuts
